 Dungeon Crawl Stone Soup version 0.23-a0-378-gd7a6ca6 (webtiles) character file.

4727 MTVSty1e the Basher (level 10, 0/68 HPs)
             Began as a Gargoyle Fighter on Oct 27, 2018.
             Was an Initiate of Okawaru.
             Slain by a hornet (5 damage)
             ... on level 9 of the Dungeon.
             The game lasted 00:14:28 (9336 turns).

MTVSty1e the Basher (Gargoyle Fighter)              Turns: 9336, Time: 00:14:29

Health: 0/68       AC: 24    Str: 24    XL:     10   Next: 45%
Magic:  11/11      EV:  4    Int:  8    God:    Okawaru [......]
Gold:   294        SH:  9    Dex:  9    Spells: 9/9 levels left

rFire    . . .     SeeInvis .   t - +1 whip
rCold    + . .     Gourm    .   c - +0 shield
rNeg     + . .     Faith    .   s - +1 plate armour
rPois    ∞         Spirit   .   l - +0 helmet
rElec    +         Reflect  .   B - +0 cloak
rCorr    .         Harm     .   q - +0 pair of gloves
MR       .....                  x - +0 pair of boots (curse)
Stlth    ..........             (no amulet)
HPRegen  0.21/turn              C - ring of protection from cold
MPRegen  0.12/turn              (no ring)

@: about to teleport, very slightly contaminated
A: negative energy resistance 1, electricity resistance, unbreathing,
petrification resistance, rot immunity, AC +7
a: Renounce Religion


You were on level 9 of the Dungeon.
You worshipped Okawaru.
Okawaru was noncommittal.
You were not hungry.

You visited 2 branches of the dungeon, and saw 10 of its levels.
You also visited: Sewer.

You collected 294 gold pieces.

Inventory:

Hand Weapons
 a - a +0 flail
 t - a +1 whip (weapon)
Armour
 c - a +0 shield (worn)
 l - a +0 helmet (worn)
 q - a +0 pair of gloves (worn)
 s - a +1 plate armour (worn)
 x - a cursed +0 pair of boots (worn)
 B - a +0 cloak (worn)
Jewellery
 C - a ring of protection from cold (left hand)
Wands
 v - a wand of paralysis (15)
 y - a wand of digging (12)
 D - a wand of enslavement (17)
Scrolls
 b - 7 scrolls of remove curse
 e - 4 scrolls of identify
 i - a scroll of teleportation
 p - 2 scrolls of blinking
 z - 2 scrolls of amnesia
 A - a scroll of enchant weapon
 E - a scroll of acquirement {unknown}
Potions
 d - 2 potions of lignification
 g - 2 potions of brilliance
 h - a potion of berserk rage
 j - 4 potions of haste
 k - 6 potions of curing
 m - 2 potions of mutation
 n - 2 potions of invisibility
 o - 2 potions of agility
 u - a potion of might
 w - 2 potions of ambrosia
Comestibles
 f - 11 rations


   Skills:
 + Level 10.0 Fighting
 * Level 12.1 Maces & Flails
 - Level 3.2 Armour
 - Level 3.2 Shields
 + Level 1.3 Invocations


You had 9 spell levels left.
You didn't know any spells.
Your spell library contained the following spells:

 Spells                   Type           Power        Failure   Level  Hunger
 Animate Skeleton         Necr           N/A          100%        1    ##.....
 Apportation              Tloc           #.....       100%        1    ##.....
 Confusing Touch          Hex            #.....       100%        1    ##.....
 Magic Dart               Conj           #...         100%        1    ##.....
 Summon Small Mammal      Summ           #...         100%        1    ##.....
 Blink                    Tloc           N/A          100%        2    ###....
 Call Imp                 Summ           #.......     100%        2    ###....
 Searing Ray              Conj           #.....       100%        2    ###....
 Slow                     Hex            #.......     100%        2    ###....
 Conjure Flame            Conj/Fire      #.......     100%        3    ####...
 Dazzling Spray           Conj/Hex       #.....       100%        3    ####...
 Mephitic Cloud           Conj/Pois/Air  #.......     100%        3    ####...
 Force Lance              Conj/Tloc      #.......     100%        4    #####..
 Fulminant Prism          Conj/Hex       #.........   100%        4    #####..
 Iskenderun's Mystic Bla  Conj           #.......     100%        4    #####..


Dungeon Overview and Level Annotations

Branches:
Dungeon (9/15)             Temple (1/1) D:6
   Lair: D:8-11         Orc: D:9-12

Altars:
Ashenzari
Cheibriados
Dithmenos
Elyvilon
Fedhas
Gozag
Hepliaklqana
Kikubaaqudgha
Makhleb
Nemelex Xobeh
Okawaru
Qazlal
Ru
Sif Muna
Trog
Uskayaw
Vehumet
Wu Jian
Xom
Yredelemnul
Zin
The Shining One

Annotations:
D:6 2 transporters


Innate Abilities, Weirdness & Mutations

You are resistant to torment.
Your stone body is resilient. (AC +7)
You are immune to poison.
You resist negative energy. (rN+)
You are resistant to electric shocks. (rElec)
You can survive without breathing.
You are immune to petrification.
You are immune to rotting.


Message History

The porcupine bites you but does no damage.
You are too injured to fight recklessly!
Okay, then.
Blink to where?
Press: ? - help, Dir - move target cursor You are very lightly contaminated with residual magic.
As you read the scroll of blinking, it crumbles to dust.
You open the door.
There is an open door here.
You close the door.
An orc warrior comes into view. It is wielding a +0 short sword.
The orc warrior shouts!
An orc wizard comes into view. It is wielding a +0 dagger.
The orc wizard shouts!
Found 19 arrows.
Found a stone staircase leading down.
The orc wizard casts a spell.
The orc wizard blinks!
As you read the scroll of teleportation, it crumbles to dust.
You feel strangely unstable. The hornet stings you.
You die...

.......##+#.#
#..........#
............#
#######.....#
#.....#
#...o.#
#.....# #
#####y#.#
#@..# #...#
#...# #...#
#...# ....#
..... ......


You could see a hornet and an orc warrior.

Vanquished Creatures
  An ugly thing (D:8)
  3 hippogriffs
  Sigmund (D:5)
  A wyvern (D:6)
  A water moccasin (D:8)
  Duvessa (D:7)
  Purgy (Sewer)
  A porcupine (D:9)
  A black bear (D:9)
  An ice beast (D:4)
  A sky beast (D:7)
  A phantom (D:7)
  4 ogres
  3 centaurs
  A big kobold (D:7)
  Blork the orc (D:5)
  5 bullfrogs
  Dowan (D:7)
  A water moccasin skeleton (D:7)
  2 scorpions
  3 killer bees (D:7)
  A howler monkey (D:6)
  8 crimson imps
  A quasit (D:7)
  3 hounds
  Crazy Yiuf (D:7)
  2 bullfrog skeletons
  An orc priest (D:6)
  A jelly (D:8)
  2 iguanas
  4 orc wizards
  9 worker ants
  2 hound zombies
  A hound skeleton (D:4)
  A worker ant zombie (D:5)
  7 gnolls
  13 adders
  3 oozes
  2 adder zombies (D:6)
  5 worms
  7 dart slugs
  8 leopard geckos
  21 orcs
  8 bats
  9 giant cockroaches
  7 goblins
  8 hobgoblins
  12 jackals
  18 kobolds
  3 quokkas
  5 frilled lizards
  A leopard gecko zombie (D:5)
  8 rats
217 creatures vanquished.

Notes
Turn   | Place    | Note
-------+----------+-------------------------------------------
     0 | D:1      | MTVSty1e the Gargoyle Fighter began the quest for the Orb.
     0 | D:1      | Reached XP level 1. HP: 14/14 MP: 1/1
    31 | D:1      | Reached XP level 2. HP: 8/19 MP: 2/2
   375 | D:1      | Reached skill level 3 in Maces & Flails
   375 | D:1      | Reached XP level 3. HP: 22/24 MP: 3/3
   492 | D:1      | You fall through a shaft!
   848 | D:2      | Reached XP level 4. HP: 26/29 MP: 4/4
  1831 | D:2      | Reached skill level 4 in Maces & Flails
  1902 | D:3      | Reached XP level 5. HP: 14/34 MP: 5/5
  1918 | D:3      | Found a glowing drain.
  1965 | Sewer    | Entered a sewer
  2235 | Sewer    | Noticed Purgy
  2256 | Sewer    | Killed Purgy
  2256 | Sewer    | Reached skill level 5 in Maces & Flails
  2256 | Sewer    | Reached XP level 6. HP: 31/40 MP: 6/6
  2683 | D:3      | Reached skill level 5 in Fighting
  2972 | D:3      | Noticed a moth of wrath
  2974 | D:3      | Found a bloodstained altar of Trog.
  3004 | D:3      | HP: 2/40 [worm (10)]
  3335 | D:3      | Noticed a glowing hand axe
  3336 | D:3      | Noticed a dagger
  3559 | D:3      | Found a hide-covered altar of Uskayaw.
  4100 | D:4      | Noticed an ice beast
  4131 | D:4      | Killed an ice beast
  4131 | D:4      | Reached skill level 6 in Maces & Flails
  4131 | D:4      | Reached XP level 7. HP: 36/44 MP: 7/7
  4542 | D:5      | Entered Level 5 of the Dungeon
  4814 | D:5      | Noticed Blork the orc
  4852 | D:5      | Killed Blork the orc
  4852 | D:5      | Reached skill level 7 in Maces & Flails
  4976 | D:5      | Reached XP level 8. HP: 52/52 MP: 8/8
  5249 | D:5      | Noticed Sigmund
  5264 | D:5      | Killed Sigmund
  5264 | D:5      | Reached skill level 8 in Maces & Flails
  5900 | D:6      | Reached skill level 9 in Maces & Flails
  5961 | D:6      | Found a staircase to the Ecumenical Temple.
  5988 | Temple   | Entered the Ecumenical Temple
  6195 | D:6      | Noticed a wyvern
  6217 | D:6      | Killed a wyvern
  6217 | D:6      | Reached XP level 9. HP: 46/59 MP: 9/9
  6391 | D:6      | Found an opulent altar of Gozag.
  6391 | D:6      | Noticed a brown ugly thing
  6393 | D:6      | Found a transporter.
  6402 | D:6      | Found a transporter.
  7097 | D:7      | Reached skill level 10 in Maces & Flails
  7459 | D:7      | Noticed Duvessa
  7469 | D:7      | Noticed Dowan
  7498 | D:7      | Killed Duvessa
  7549 | D:7      | Killed Dowan
  7595 | D:7      | Reached skill level 11 in Maces & Flails
  7741 | D:7      | Found a runed door.
  7775 | D:7      | Found a shimmering altar of Xom.
  7998 | D:7      | Noticed Crazy Yiuf
  8011 | D:7      | Killed Crazy Yiuf
  8273 | D:8      | Noticed a white ugly thing
  8296 | D:8      | Killed a white ugly thing
  8296 | D:8      | Reached XP level 10. HP: 23/66 MP: 10/10
  8450 | D:8      | Found a shattered altar of Ashenzari.
  8805 | D:8      | Reached skill level 12 in Maces & Flails
  8825 | D:8      | Found a deep blue altar of Sif Muna.
  8826 | D:8      | Found a snail-covered altar of Cheibriados.
  8826 | D:8      | Found a hazy altar of Hepliaklqana.
  8826 | D:8      | Found a burning altar of Makhleb.
  8919 | D:8      | Found an iron altar of Okawaru.
  8930 | D:8      | Became a worshipper of Warmaster Okawaru
  9295 | D:9      | Reached skill level 1 in Invocations
  9313 | D:9      | Reached skill level 10 in Fighting
  9321 | D:9      | HP: 2/68 [orc priest/divine providence (8)]
  9336 | D:9      | Slain by a hornet

Vault maps used:
D:1:      minmay_arrival_diagonal_passages, kennysheep_nondescript,
          chequers_serial_rivers_room_b, serial_park_tiny_1
D:2:      first_ration, hangedman_decor_lopped
D:3:      dancing_weapons_uskayaw, gup_sewer_entry_pipe, tgw_trog
D:4:      minmay_ruptured
D:5:      uniq_blork_the_orc, uniq_sigmund
D:6:      gammafunk_temple_overflow_arena, minmay_temple_entry_glassed_door
D:7:      kennysheep_mini_moat, feat_on_display, uniq_duvessa,
          uniq_crazy_yiuf_cottage
D:8:      grunt_temple_overflow_open, evilmike_ruin_ashenzari,
          kennysheep_okawaru_gauntlet, grunt_ogre_cave, kb_rosetta
D:9:      due_lair_maze_entry_diamond, david_orc_5
Temple:   nicolae_temple_figure_eight
Sewer:    kennysheep_door_sewer

Skill      XL: |  1  2  3  4  5  6  7  8  9 10 |
---------------+-------------------------------+-----
Maces & Flails | 3 4 5 6 7 9 11 12 | 12.1
Fighting       | 4 5 6 7 9 10 | 10.0
Invocations    | 1 |  1.3
Armour         | |  3.2
Shields        | |  3.2

Action                   |  1- 3 |  4- 6 |  7- 9 | 10-12 || total
-------------------------+-------+-------+-------+-------++-------
Melee: Flail             |   119 |   277 |       |       ||   396
       Whip              |       |    82 |   923 |   149 ||  1154
Evoke: Wand              |       |       |       |     1 ||     1
  Use: Potion            |       |     1 |     2 |     2 ||     5
       Scroll            |       |    16 |     5 |     2 ||    23
  Eat: Chunk             |       |     4 |     1 |       ||     5
       Ration            |       |     2 |     4 |     1 ||     7
Armor: Scale mail        |    88 |   124 |       |       ||   212
       Plate armour      |       |   108 |   567 |   107 ||   782
       Chain mail        |       |    10 |       |       ||    10
Dodge: Dodged            |    53 |   107 |   144 |    11 ||   315
Block: Shield            |    68 |   214 |   364 |    69 ||   715

Table legend:
 A = Non-vault XP
 B = Vault XP
 C = Vault XP percentage of total XP
 D = Non-vault monster count
 E = Vault monster count
 F = Vault count percentage of total count
                 A         B        C        D         E       F
            +---------+---------+-------+---------+---------+-------
      Total |    4509 |    2244 |  33.2 |     186 |      31 |  14.3
            +---------+---------+-------+---------+---------+-------
        D:1 |      48 |       0 |   0.0 |      27 |       0 |   0.0
        D:2 |      81 |       0 |   0.0 |      22 |       0 |   0.0
        D:3 |     188 |      36 |  16.1 |      32 |      11 |  25.6
        D:4 |     192 |       2 |   1.0 |       4 |       1 |  20.0
        D:5 |     760 |     326 |  30.0 |      19 |       2 |   9.5
        D:6 |     962 |       0 |   0.0 |      25 |       0 |   0.0
        D:7 |    1534 |     264 |  14.7 |      38 |       3 |   7.3
        D:8 |     711 |     874 |  55.1 |      18 |       4 |  18.2
        D:9 |      33 |     595 |  94.7 |       1 |       4 |  80.0
      Sewer |       0 |     147 | 100.0 |       0 |       6 | 100.0
            +---------+---------+-------+---------+---------+-------
